Map: Year Zero LE

Players

Katfish - Winner!

  • Race: Protoss Protoss
  • League: Diamond
  • Spawn Location: 1:00

fuinkaze

  • Race: Protoss Protoss
  • League: Diamond
  • Spawn Location: 11:00

VOD

Have the link to the VOD?

Description

Time

  • Played on: April 20, 2019, 2:21 p.m.
  • Length: 5:25
Show
View Real Time Build Order
Export as new Build Order

Katfish Protoss - Winner!

Build Orders:  

Get SALT Encoding   

  1  0:00  Probe  
  12  0:05  Probe  
  14  0:18  Pylon  
  14  0:22  Probe  
  15  0:36  Probe  
  15  0:38  Forge  
  16  1:10  Pylon  
  16  1:21  Probe  
  17  1:29  Gateway  
  17  1:30  Photon Cannon  
  17  1:32  Photon Cannon  
  17  1:33  Pylon  
  18  1:42  Assimilator  
  18  1:45  Probe  
  18  1:54  Assimilator  
  18  1:55  Probe  
  19  2:03  Probe  
  19  2:13  Probe  
  19  2:17  Cybernetics Core  
  20  2:27  Probe  
  21  2:32  Pylon  
  21  2:35  Probe  
  21  2:43  Probe  
  23  2:53  Probe  
  23  2:54  Stargate  
  23  2:57  Warp Gate  
  24  3:03  Stalker  
  26  3:10  Probe  
  27  3:22  Probe  
  27  3:23  Shield Battery  
  28  3:28  Shield Battery  
  28  3:34  Probe  
  28  3:39  Void Ray  
  29  3:47  Shield Battery  
  29  3:52  Stalker  
  35  4:00  Shield Battery  
  35  4:06  Probe  
  36  4:12  Void Ray  
  36  4:19  Probe  
  41  4:55  Stalker  
  47  5:18  Shield Battery  
  47  5:19  Shield Battery  
  47  5:20  Pylon  
Show
View Real Time Build Order
Export as new Build Order

fuinkaze Protoss 

Build Orders:  

Get SALT Encoding   

  12  0:00  Probe  
  13  0:13  Probe  
  14  0:21  Pylon  
  14  0:25  Probe  
  15  0:39  Probe, Gateway  
  16  0:46  Assimilator  
  16  0:47  Probe  
  17  1:00  Gateway  
  17  1:03  Probe  
  18  1:14  Assimilator  
  18  1:15  Probe  
  19  1:26  Zealot  
  19  1:30  Cybernetics Core  
  23  1:57  Pylon  
  20  2:34  Forge  
  20  2:36  Gateway  
  18  2:52  Gateway  
  18  3:05  Shield Battery  
  18  3:08  Photon Cannon  
  18  3:12  Probe  
  19  3:13  Stalker  
  21  3:27  Probe  
  22  3:47  Cybernetics Core  
  22  3:51  Shield Battery  
  22  3:54  Stalker  
  22  4:22  Pylon  
  15  4:47  Pylon  
  14  4:56  Pylon  
  14  5:00  Pylon  
  12  5:18  Pylon  
Tags
 
Add a new tag
Caveats
  • Supply blocks, unpowered buildings, or Contaminate may cause inaccurate times.
  • Supply counts are checked every 10 seconds.